 Dungeon Crawl Stone Soup version 0.28-a0-1190-g77e1c55843 (webtiles) character file.

Game seed: 4589717084802097570

289 enile the Skirmisher (level 6, -2/53 HPs)
             Began as a Gnoll Wanderer on Dec 19, 2021.
             Slain by Sigmund the killer bee (4 damage)
             ... on level 3 of the Dungeon.
             The game lasted 00:03:45 (1859 turns).

enile the Skirmisher (Gnoll Wanderer)               Turns: 1859, Time: 00:03:46

Health: -2/53      AC:  3    Str: 16    XL:     6   Next: 31%
Magic:  11/11      EV: 11    Int: 12    God:
Gold:   85         SH:  0    Dex:  8    Spells: 10/11 levels left

rFire   + . .      SeeInvis .   a - +1 shortbow
rCold   + . .      Faith    .   (shield currently unavailable)
rNeg    . . .      Spirit   .   c - +0 leather armour
rPois   +          Reflect  .   (no helmet)
rElec   +          Harm     .   (no cloak)
rCorr   +          Rampage  .   (no gloves)
Will    .....                   (no boots)
Stlth   +.........              (no amulet)
HPRegen 0.17/turn               (no ring)
MPRegen 0.12/turn               (no ring)

@: confused, mighty, brilliant, lethally poisoned (-2 -> -11), resistant,
ambrosia-drunk
A: fangs 1, strong nose, distributed training
a: no special abilities


You were on level 3 of the Dungeon.
You visited 1 branch of the dungeon, and saw 3 of its levels.

You collected 85 gold pieces.

Inventory:

Hand Weapons
 a - a +1 shortbow (weapon)
Missiles
 b - 43 arrows (quivered ammo)
 g - 2 boomerangs
Armour
 c - a +0 leather armour (worn)
Wands
 m - a wand of paralysis (2)
 n - a wand of polymorph (8)
Scrolls
 d - 4 scrolls of identify {unknown}
 k - a scroll of magic mapping {unknown}
 l - a scroll of holy word {unknown}
 o - a scroll of vulnerability {unknown}
Potions
 e - a potion of might
 h - a potion of resistance
 i - a potion of ambrosia
 j - a potion of lignification {unknown}


   Skills:
 + Level 6.8 Fighting
 + Level 1.9 Short Blades
 + Level 1.9 Long Blades
 + Level 1.9 Axes
 + Level 1.9 Maces & Flails
 + Level 1.9 Polearms
 + Level 1.9 Staves
 + Level 1.9 Slings
 + Level 4.9 Bows
 + Level 1.9 Crossbows
 + Level 3.2 Throwing
 + Level 1.9 Armour
 + Level 1.9 Dodging
 + Level 1.9 Stealth
 + Level 1.9 Shields
 + Level 1.9 Unarmed Combat
 + Level 3.4 Spellcasting
 + Level 1.5 Conjurations
 + Level 1.5 Hexes
 + Level 1.5 Summonings
 + Level 1.5 Necromancy
 + Level 1.5 Translocations
 + Level 5.6 Transmutations
 + Level 1.5 Fire Magic
 + Level 1.5 Ice Magic
 + Level 1.5 Air Magic
 + Level 1.5 Earth Magic
 + Level 1.5 Poison Magic
 + Level 2.1 Invocations
 + Level 1.9 Evocations


You had 10 spell levels left.
You knew the following spells:

 Your Spells              Type           Power      Damage    Failure   Level
a - Sting                 Tmut/Pois      60%        1d6       7%          1

Your spell library contained the following spells:

 Spells                   Type           Power      Damage    Failure   Level
 Freeze                   Ice            32%        1d5       16%         1
 Frozen Ramparts          Ice            16%        1d3       43%         3
 Gell's Gravitas          Tloc           8%         N/A       43%         3
 Lesser Beckoning         Tloc           8%         N/A       43%         3
 Teleport Other           Tloc           8%         N/A       43%         3
 Ice Form                 Ice/Tmut       15%        N/A       54%         4
 Petrify                  Tmut/Erth      15%        N/A       54%         4
 Hailstorm                Conj/Ice       8%         3d4       83%         4


Dungeon Overview and Level Annotations

Branches:
Dungeon (3/15)

Altars:
Wu Jian

Annotations:
D:3 Sigmund


Innate Abilities, Weirdness & Mutations

You have very sharp teeth.
Your uncanny sense of smell can sniff out nearby items.
Your experience applies equally to all skills.


Message History

Sigmund poisons you!
You feel very sick. Sigmund stings you but does no damage.
It was a potion of might.
You feel very mighty all of a sudden.
You feel very sick. Sigmund stings you!
* * * LOW HITPOINT WARNING * * *
You are lethally poisoned!
Sigmund poisons you! Sigmund stings you but does no damage.
Aiming: Paralyse
Press: ? - help, Shift-Dir - straight line, f/p - Sigmund
Aim: Sigmund the killer bee (heavily wounded, poisoned, chance to affect: 60%) Sigmund resists with significant effort.
* * * LOW HITPOINT WARNING * * *
You feel very sick. Sigmund stings you.
* * * LOW HITPOINT WARNING * * *
You are more poisoned.
Sigmund poisons you! Sigmund closely misses you.
It was a potion of resistance.
You feel protected.
* * * LOW HITPOINT WARNING * * *
You feel very sick.
Sigmund looks more healthy.
Sigmund barely misses you. Sigmund stings you.
* * * LOW HITPOINT WARNING * * *
It was a potion of ambrosia.
You are confused.
You feel invigorated.
* * * LOW HITPOINT WARNING * * *
You feel very sick. Sigmund stings you.
* * * LOW HITPOINT WARNING * * *
Sigmund completely misses you.
It was a potion of brilliance.
You feel clever all of a sudden.
* * * LOW HITPOINT WARNING * * *
You feel very sick. Sigmund stings you.
You die...

........ ....♣ .
........ #. ...♣♣ ...
#####.## #. #..♣♣♣..#
# #.####....@# #
#.#..(..#..... #
#....)#.# ... #
#.....#.# . #
#...y.#.# # #...@.#.#
# #.....#.#
#############.#.###.#
#.............#.# .#
#...###########.#
#...............#
#...###..########
#...# #..# #...# #..#
######


You could see Sigmund the killer bee.

Vanquished Creatures
  Grinder (D:3)
  Terence (D:2)
  2 adders (D:2)
  A worm (D:2)
  A dart slug (D:2)
  2 endoplasms
  2 giant cockroaches
  5 goblins
  4 hobgoblins
  4 quokkas
  4 ball pythons
  4 bats
  3 kobolds
  4 rats (D:2)
38 creatures vanquished.

Notes
Turn   | Place    | Note
-------+----------+-------------------------------------------
     0 | D:1      | enile the Gnoll Wanderer began the quest for the Orb.
     0 | D:1      | enile set off with the following items: a +1 shortbow, 27
                  | arrows, a +0 leather armour; and the following spell
                  | memorised: Sting; and the following spells available to
                  | memorise: Ice Form, Petrify
     0 | D:1      | Reached XP level 1. HP: 23/23 MP: 4/4
   155 | D:1      | Reached XP level 2. HP: 29/29 MP: 2/5
   694 | D:2      | Noticed Terence
   715 | D:2      | Killed Terence
   716 | D:2      | Reached skill level 1 in Invocations
   716 | D:2      | Reached XP level 3. HP: 20/35 MP: 1/7
  1045 | D:2      | Reached skill level 1 in Short Blades
  1045 | D:2      | Reached skill level 1 in Long Blades
  1045 | D:2      | Reached skill level 1 in Axes
  1045 | D:2      | Reached skill level 1 in Maces & Flails
  1045 | D:2      | Reached skill level 1 in Polearms
  1045 | D:2      | Reached skill level 1 in Staves
  1045 | D:2      | Reached skill level 1 in Slings
  1045 | D:2      | Reached skill level 1 in Crossbows
  1045 | D:2      | Reached skill level 1 in Armour
  1045 | D:2      | Reached skill level 1 in Dodging
  1045 | D:2      | Reached skill level 1 in Stealth
  1045 | D:2      | Reached skill level 1 in Shields
  1045 | D:2      | Reached skill level 1 in Unarmed Combat
  1045 | D:2      | Reached skill level 1 in Evocations
  1045 | D:2      | Reached XP level 4. HP: 41/41 MP: 8/8
  1303 | D:2      | You fall into a shaft and drop 1 floor!
  1383 | D:3      | Found an ornate altar of the Wu Jian Council.
  1675 | D:3      | Noticed Grinder
  1690 | D:3      | Killed Grinder
  1691 | D:3      | Reached skill level 1 in Conjurations
  1691 | D:3      | Reached skill level 1 in Hexes
  1691 | D:3      | Reached skill level 1 in Summonings
  1691 | D:3      | Reached skill level 1 in Necromancy
  1691 | D:3      | Reached skill level 1 in Translocations
  1691 | D:3      | Reached skill level 1 in Fire Magic
  1691 | D:3      | Reached skill level 1 in Ice Magic
  1691 | D:3      | Reached skill level 1 in Air Magic
  1691 | D:3      | Reached skill level 1 in Earth Magic
  1691 | D:3      | Reached skill level 1 in Poison Magic
  1691 | D:3      | Reached XP level 5. HP: 47/47 MP: 3/10
  1691 | D:3      | Reached XP level 6. HP: 53/53 MP: 3/11
  1841 | D:3      | Noticed Sigmund
  1850 | D:3      | Noticed Sigmund
  1850 | D:3      | Sigmund changed into Sigmund the killer bee
  1858 | D:3      | HP: 1/53 [Sigmund the killer bee (2)]
  1859 | D:3      | Slain by Sigmund the killer bee

Illustrated notes

Levels and vault maps discovered:
D:1:      wander_arrival_peaceful_grave, layout_rooms
D:2:      layout_loops_ring, uniq_terence
D:3:      layout_basic, nzn_wu_jian_contemplation, marbit_many_paths,
          serial_shops, nicolae_shop_hallway_stairs,
          dilly_ecumenical_altar_fadedgnrine, uniq_crazy_yiuf_cottage,
          uniq_grinder, uniq_sigmund, uniq_jessica

Skill      XL: |  1  2  3  4 |
---------------+-------------+-----
Invocations    | 1 2 |  2.1
Short Blades   | 1 |  1.9
Long Blades    | 1 |  1.9
Axes           | 1 |  1.9
Maces & Flails | 1 |  1.9
Polearms       | 1 |  1.9
Staves         | 1 |  1.9
Slings         | 1 |  1.9
Crossbows      | 1 |  1.9
Armour         | 1 |  1.9
Dodging        | 1 |  1.9
Stealth        | 1 |  1.9
Shields        | 1 |  1.9
Unarmed Combat | 1 |  1.9
Evocations     | 1 |  1.9
Spellcasting   | 3 |  3.4
Throwing       | 3 |  3.2
Conjurations   | 1 |  1.5
Hexes          | 1 |  1.5
Summonings     | 1 |  1.5
Necromancy     | 1 |  1.5
Translocations | 1 |  1.5
Fire Magic     | 1 |  1.5
Ice Magic      | 1 |  1.5
Air Magic      | 1 |  1.5
Earth Magic    | 1 |  1.5
Poison Magic   | 1 |  1.5
Fighting       | |  6.8
Bows           | |  4.9
Transmutations | |  5.6

Action                   |  1- 3 |  4- 6 || total
-------------------------+-------+-------++-------
 Fire: Shortbow          |    56 |    37 ||    93
 Cast: Sting             |    15 |     7 ||    22
Evoke: Wand              |       |     5 ||     5
  Use: Potion            |       |     4 ||     4
Armor: Leather armour    |     4 |     3 ||     7
Dodge: Dodged            |    11 |    11 ||    22

Table legend: (Time is in decaauts)
 A = Elapsed time spent in this place.
 B = Non-inter-level travel time spent in this place.
 C = Inter-level travel time spent in this place.
 D = Time resting spent in this place.
 E = Time spent auto-exploring this place.
 F = Levels seen in this place.
 G = Mean time per level.
                   A        B        C        D        E       F      G
               +--------+--------+--------+--------+--------+-----+--------+
         Total |   1866 |   1817 |     49 |      0 |   1550 |   3 |  622.0 |
       Dungeon |   1866 |   1817 |     49 |      0 |   1550 |   3 |  622.0 |
               +--------+--------+--------+--------+--------+-----+--------+

Top non-repeatable levels by time:
     D:2: 964 daAuts
     D:1: 578 daAuts
     D:3: 323 daAuts
